 Dungeon Crawl Stone Soup version 0.24.0-1-gfbc8707122 (webtiles) character file.

Game seed: 8621080030507201527, levelgen mode: deterministic

5439 Emblim88 the Covert (level 10, -2/44 HPs)
             Began as a Spriggan Enchanter on Oct 27, 2019.
             Was an Elder of Fedhas.
             Killed from afar by a hell hound (17 damage)
             ... with a blast of flame
             ... on level 9 of the Dungeon.
             The game lasted 00:53:16 (11539 turns).

Emblim88 the Covert (Spriggan Enchanter)           Turns: 11539, Time: 00:53:17

Health: -2/44      AC:  2    Str:  4    XL:     10   Next: 41%
Magic:  28/28      EV: 26    Int: 18    God:    Fedhas [****..]
Gold:   422        SH:  0    Dex: 19    Spells: 7/20 levels left

rFire    . . .     SeeInvis +   w - +2 dagger (distort)
rCold    . . .     Gourm    .   (shield restricted)
rNeg     . . .     Faith    .   b - +0 robe
rPois    .         Spirit   .   e - +0 hat
rElec    .         Reflect  .   (no cloak)
rCorr    .         Harm     .   (gloves unavailable)
MR       +....                  (boots unavailable)
Stlth    ++++++....             (no amulet)
HPRegen  0.14/turn              i - ring of magical power
MPRegen  0.21/turn              (no ring)

@: very quick
A: very small, unfitting armour, see invisible, herbivore, speed 3, slow
metabolism 2
a: Wall of Briars, Grow Ballistomycete, Overgrow, Renounce Religion


You were on level 9 of the Dungeon.
You worshipped Fedhas.
Fedhas was greatly pleased with you.
You were very hungry.

You visited 1 branch of the dungeon, and saw 9 of its levels.
You also visited: Sewer and Ossuary.

You collected 422 gold pieces.

Inventory:

Hand Weapons
 w - a +2 dagger of distortion (weapon)
 G - a +0 triple crossbow
Missiles
 a - 12 bolts
 f - 4 throwing nets
 k - 67 poisoned darts (quivered)
Armour
 b - a +0 robe (worn)
 e - a +0 hat (worn)
Jewellery
 i - a ring of magical power (left hand)
Wands
 p - a wand of flame (10)
 s - a wand of disintegration (9)
 B - a wand of enslavement (7)
Scrolls
 c - 3 scrolls of remove curse
 h - 2 scrolls of immolation
 l - 3 scrolls of amnesia
 q - a scroll of enchant armour
 r - 3 scrolls of magic mapping
 u - 5 scrolls of teleportation
 x - 3 scrolls of enchant weapon
 y - 2 scrolls of holy word
 C - a scroll of blinking
 F - a scroll of fear
Potions
 g - 5 potions of haste {unknown}
 j - a potion of might {unknown}
 m - 3 potions of mutation
 n - a potion of brilliance
 o - a potion of flight {unknown}
 v - 3 potions of heal wounds
 z - a potion of ambrosia
 A - a potion of agility
 E - a potion of curing
Miscellaneous
 D - a sack of spiders
Comestibles
 d - 16 rations


   Skills:
 + Level 5.0 Short Blades
 + Level 9.1 Dodging
 * Level 13.5 Stealth
 - Level 5.6 Spellcasting
 * Level 9.5 Hexes
 * Level 5.4 Invocations
 - Level 3.8 Evocations


You had 7 spell levels left.
You knew the following spells:

 Your Spells              Type           Power        Failure   Level  Hunger
a - Corona                Hex            #####..      1%          1    None
b - Ensorcelled Hibernat  Hex/Ice        ###...       2%          2    None
c - Confuse               Hex            #####...     1%          3    ##.....
d - Tukima's Dance        Hex            #####...     1%          3    ##.....
e - Slow                  Hex            #####...     1%          2    None
f - Blink                 Tloc           N/A          19%         2    None

Your spell library contained the following spells:

 Spells                   Type           Power        Failure   Level  Hunger
 Dazzling Spray           Conj/Hex       ###...       5%          3    ##.....
 Freeze                   Ice            #...         13%         1    None
 Magic Dart               Conj           #...         13%         1    None
 Call Imp                 Summ           #.......     19%         2    None
 Throw Frost              Conj/Ice       #.....       19%         2    None
 Conjure Flame            Conj/Fire      #.......     36%         3    ##.....
 Mephitic Cloud           Conj/Pois/Air  #.......     36%         3    ##.....
 Ozocubu's Armour         Chrm/Ice       #.......     36%         3    ##.....
 Summon Ice Beast         Ice/Summ       #.......     77%         4    ####...
 Throw Icicle             Conj/Ice       #.......     77%         4    ####...


Dungeon Overview and Level Annotations

Branches:
Dungeon (9/15)             Temple (0/1) D:7           Sewer (visited)
Ossuary (visited)
   Lair: D:8-11         Orc: D:9-12

Altars:
Ashenzari
Cheibriados
Elyvilon
Fedhas
Sif Muna
Trog
Vehumet
Yredelemnul
Zin

Annotations:
D:4 exclusion: statue


Innate Abilities, Weirdness & Mutations

You are very small and have problems with some larger weapons.
You are too small for most types of armour.
You have supernaturally acute eyesight. (SInv)
You are a herbivore.
You cover ground extremely quickly.
You need to consume almost no food.


Message History

The hell hound is lightly wounded.
Throwing (i - inventory. (/) - cycle)
k - 69 poisoned darts (quivered)
Press: ? - help, Shift-Dir - straight line, f/p - hell hound
Aim: a hell hound (lightly wounded)
You throw a poisoned dart.
The poisoned dart barely misses the hell hound.
The hell hound breathes flames at you. The blast of flame hits you!
* * * LOW HITPOINT WARNING * * *
Throwing (i - inventory. (/) - cycle)
k - 68 poisoned darts (quivered)
Press: ? - help, Shift-Dir - straight line, f/p - hell hound
Aim: a hell hound (lightly wounded, catching its breath)
You throw a poisoned dart. The poisoned dart hits the hell hound.
The hell hound is lightly wounded.
Found a stone staircase leading down.
You are feeling very hungry.
The hell hound breathes flames at you. The blast of flame hits you!
You die...
Fedhas appreciates your contribution to the ecosystem.

..................#...........#..
..................#...........#..
..................#...........#..
#####.............##..........###
'...#..............#.............
#...#..............#.............
#...#..........#####.............
#...#..........#....h......##'###
#####.........##@#####.....#.....
..............#..#[..#.....#.....
.ยง............#..#...#.....'...[.
..............#..#...#.....######
..............#..#...#........h..
..............#..#...#...........
..............#..###'#......).)..
###############.................)
...............).....#########...


You could see a hell hound.

Vanquished Creatures
  A two-headed ogre (D:9)
  A merfolk (D:9)
  Grinder (D:4)
  Prince Ribbit (D:5)
  2 hippogriffs (D:9)
  2 fire bats (D:9)
  Menkaure (D:4)
  Purgy (D:4)
  Duvessa (D:4)
  2 ice beasts
  4 orc warriors
  2 sky beasts
  2 ogres
  2 big kobolds
  6 bullfrogs
  Dowan (D:4)
  3 scorpions
  A howler monkey (D:6)
  4 centaur zombies
  A crimson imp (D:9)
  3 hounds
  2 bullfrog zombies
  A centaur skeleton (D:5)
  A bullfrog skeleton (D:9)
  5 orc priests
  A jelly (D:6)
  4 orc wizards (D:6)
  3 iguanas
  7 worker ants
  A killer bee zombie (D:6)
  A big kobold zombie (Ossuary)
  A hound skeleton (D:4)
  5 mummies (Ossuary)
  A worker ant zombie (D:9)
  Robin (D:4)
  7 gnolls
  7 adders
  A river rat (D:3)
  A shadow imp (D:9)
  An ooze (D:1)
  2 adder skeletons (D:7)
  2 worms
  5 leopard geckos
  28 orcs
  6 ball pythons
  3 giant cockroaches
  9 hobgoblins
  8 jackals
  13 kobolds
  3 quokkas
  11 bats
  4 frilled lizards
  22 goblins
  2 hobgoblin zombies (Ossuary)
  A jackal skeleton (D:5)
  2 jackal zombies
  A quokka skeleton (D:6)
  15 rats
  A rat zombie (D:8)
  A fire vortex (D:9)
232 creatures vanquished.

Vanquished Creatures (collateral kills)
  Edmund (D:4)
  3 killer bees (D:8)
  A quasit (D:8)
5 creatures vanquished.

Vanquished Creatures (others)
  A fire bat (D:9)
  A bullfrog zombie (D:9)
  A centaur zombie (D:9)
3 creatures vanquished.

Grand Total: 240 creatures vanquished

Notes
Turn   | Place    | Note
-------+----------+-------------------------------------------
     0 | D:1      | Emblim88 the Spriggan Enchanter began the quest for the
                  | Orb.
     0 | D:1      | Reached XP level 1. HP: 9/9 MP: 5/5
    13 | D:1      | You fall into a shaft and drop 1 floor!
    35 | D:2      | Found a glowing silver altar of Zin.
   197 | D:1      | Reached XP level 2. HP: 13/13 MP: 6/6
   212 | D:1      | Learned a level 2 spell: Ensorcelled Hibernation
   408 | D:1      | Reached skill level 5 in Stealth
   503 | D:1      | Reached XP level 3. HP: 14/16 MP: 2/8
   541 | D:1      | Learned a level 3 spell: Confuse
  2006 | D:3      | Found a glowing drain.
  2029 | D:3      | Reached XP level 4. HP: 18/21 MP: 9/9
  2037 | Sewer    | Entered a sewer
  2475 | D:3      | Found a bloodstained altar of Trog.
  2583 | D:3      | Reached skill level 6 in Stealth
  2584 | D:3      | HP: 1/21 [orc (5)]
  3566 | D:4      | Learned a level 3 spell: Tukima's Dance
  3592 | D:4      | Reached XP level 5. HP: 24/24 MP: 11/11
  3605 | D:4      | Found a blossoming altar of Fedhas.
  3618 | D:4      | Noticed an oklob plant
  3651 | D:4      | Became a worshipper of Fedhas Madash
  3721 | D:4      | Noticed Menkaure
  3739 | D:4      | Killed Menkaure
  3739 | D:4      | Reached skill level 7 in Stealth
  3739 | D:4      | Reached XP level 6. HP: 28/28 MP: 13/13
  3824 | D:4      | Noticed Duvessa
  3830 | D:4      | Noticed Dowan
  3832 | D:4      | Killed Duvessa
  3834 | D:4      | Killed Dowan
  3834 | D:4      | Reached skill level 5 in Dodging
  3868 | D:4      | Learned a level 2 spell: Slow
  3871 | D:4      | Learned a level 2 spell: Blink
  3896 | D:4      | Reached skill level 8 in Stealth
  3896 | D:4      | Reached skill level 5 in Hexes
  3896 | D:4      | Reached XP level 7. HP: 32/32 MP: 14/14
  3993 | D:4      | Noticed Robin
  4011 | D:4      | Reached skill level 1 in Evocations
  4013 | D:4      | Killed Robin
  4081 | D:4      | Found a white marble altar of Elyvilon.
  4144 | D:4      | Noticed Purgy
  4161 | D:4      | Killed Purgy
  4161 | D:4      | Reached skill level 1 in Invocations
  4269 | D:4      | Reached * piety under Fedhas
  4363 | D:4      | Noticed Grinder
  4429 | D:4      | Paralysed by Grinder for 4 turns
  4932 | D:4      | Killed Grinder
  4957 | D:4      | Reached skill level 9 in Stealth
  5003 | D:4      | Found a radiant altar of Vehumet.
  5234 | D:5      | Entered Level 5 of the Dungeon
  5269 | D:5      | Found a basalt altar of Yredelemnul.
  5278 | D:5      | Reached XP level 8. HP: 27/36 MP: 13/16
  5362 | D:5      | Reached skill level 5 in Spellcasting
  5385 | D:5      | Found a snail-covered altar of Cheibriados.
  5510 | D:5      | Noticed Prince Ribbit
  5729 | D:5      | Noticed Edmund
  5815 | D:4      | Killed Edmund
  6078 | D:4      | Reached skill level 10 in Stealth
  6263 | D:5      | Killed Prince Ribbit
  6628 | D:6      | Reached ** piety under Fedhas
  6921 | D:6      | Reached XP level 9. HP: 28/39 MP: 18/18
  7067 | D:6      | Reached skill level 11 in Stealth
  7823 | D:7      | Found a staircase to the Ecumenical Temple.
  8458 | D:8      | Reached *** piety under Fedhas
  8719 | D:8      | Found a sand-covered staircase.
  8727 | Ossuary  | Entered an ossuary
  8830 | Ossuary  | Reached skill level 12 in Stealth
  9093 | D:8      | Found a shattered altar of Ashenzari.
  9127 | D:8      | Found a shimmering blue altar of Sif Muna.
  9176 | D:8      | Found a shimmering blue altar of Sif Muna.
  9351 | D:8      | Found a flagged portal.
  9612 | D:9      | Reached **** piety under Fedhas
 10192 | D:9      | Noticed a two-headed ogre
 10220 | D:9      | Killed a two-headed ogre
 10220 | D:9      | Reached XP level 10. HP: 44/44 MP: 15/19
 10330 | D:9      | Reached skill level 13 in Stealth
 10513 | D:9      | Reached skill level 5 in Invocations
 11496 | D:9      | Reached skill level 5 in Short Blades
 11539 | D:9      | Killed from afar by a hell hound

Levels and vault maps discovered:
D:1:      lemuel_arrival_behind_the_door_large, layout_basic
D:2:      layout_loops_corners, nicolae_overflow_crystal_walls,
          kennysheep_generic_room_8
D:3:      layout_basic, bloody_trog, first_ration, portal_sewer_entry_a,
          kennysheep_generic_room_4
D:4:      layout_loops_ring, elyvilon_altar_4, tgw_fedhas, vehumet_statue,
          uniq_purgy, uniq_robin, uniq_duvessa, uniq_grinder, uniq_menkaure
D:5:      layout_rooms, yredelemnul_altar_generic, cheibriados_altar_1,
          uniq_prince_ribbit1, uniq_edmund
D:6:      layout_loops_ring, kennysheep_opposing_triangles
D:7:      layout_gridville, minmay_temple_entry_hall
D:8:      layout_basic, lemuel_blue_sif_altar, old_standard_altar,
          enter_bailey_3, basic_altar, enter_ossuary_4
D:9:      layout_irregular_city, hangedman_fish_farm, hangedman_incinerator

Skill      XL: |  1  2  3  4  5  6  7  8  9 10 |
---------------+-------------------------------+-----
Stealth        | 5 6 7 8 9 10 12 13 | 13.5
Spellcasting   | 3 4 5 |  5.6
Hexes          | 4 5 6 9 |  9.5
Short Blades   | 2 3 4 5 |  5.0
Dodging        | 4 5 7 8 9 |  9.1
Evocations     | 2 3 |  3.8
Invocations    | 1 2 4 5 |  5.4

Action                   |  1- 3 |  4- 6 |  7- 9 | 10-12 || total
-------------------------+-------+-------+-------+-------++-------
Melee: Dagger            |   120 |    75 |   282 |    63 ||   540
 Fire: Hunting sling     |       |       |    10 |       ||    10
Throw: Dart              |       |       |     1 |     5 ||     6
 Cast: Corona            |     2 |       |       |       ||     2
       Ensorcelled Hiber |    35 |    53 |   120 |     6 ||   214
       Confuse           |       |     2 |    76 |    14 ||    92
       Tukima's Dance    |       |       |     4 |     2 ||     6
       Slow              |       |       |     1 |       ||     1
Invok: Wall of Briars    |       |       |     1 |       ||     1
Evoke: Wand              |       |       |    31 |       ||    31
  Use: Potion            |       |     2 |     2 |       ||     4
       Scroll            |       |       |    11 |     5 ||    16
 Stab: Sleeping          |    33 |    22 |    65 |     3 ||   123
       Confused          |       |     2 |    32 |     7 ||    41
       Distracted        |       |       |     5 |     2 ||     7
  Eat: Ration            |       |     3 |     5 |     1 ||     9
Armor: Robe              |    14 |     1 |     7 |       ||    22
Dodge: Dodged            |   100 |    73 |   181 |    37 ||   391
